[Event "Team 45 45 League T47"]
[Site "Internet Chess Club"]
[Date "2010.12.04"]
[Round "5"]
[White "OOB1"]
[Black "rahulr"]
[Result "1-0"]
[WhiteElo "1529"]
[BlackElo "1571"]
[Opening "Caro-Kann: advance variation"]
[ECO "B12"]
[Time "22:11:11"]
[TimeControl "2700+45"]

1. e4 c6 2. d4 d5 3. e5 Bf5 4. Nf3 e6 5. c4 Nd7 6. Nc3 Ne7 7. h3 dxc4 8. Bxc4 b5
9. Bb3 a5 10. a3 a4 11. Ba2 Nb6 12. Qe2 Ned5 13. O-O Be7 14. Bd2 Nxc3 15. Bxc3
Nd5 16. Rfc1 Bg5 17. Nxg5 Qxg5 18. Bd2 Qg6 19. Bb1 Bxb1 20. Raxb1 Kd7 21. Re1
Rhc8 22. Rbc1 Nb6 23. Bc3 Rc7 24. Bb4 Nd5 25. Bc5 Nf4 26. Qf3 Nd3 27. Rcd1 Nxe1
28. Rxe1 Ke8 29. Bd6 Rcc8 30. Rc1 Qf5 31. Qg3 g6 32. Qh4 Ra7 33. Qxh7 Kd7 34.
Qh4 g5 35. Qg3 Qf4 36. Qc3 g4 37. g3 Qf3 38. Qxf3 gxf3 39. Rc3 f6 40. Rxf3 fxe5
41. Rf7+ Kxd6 42. Rxa7 exd4 43. Kf1 d3 44. Rf7 Rd8 45. Ke1 Kc5 46. Kd2 Kc4 47.
Rf6 Kd5 48. h4 Ke5 49. Rf3 Ke4 50. Re3+ Kf5 51. Rxd3 Rxd3+ 52. Kxd3 c5 53. f3 e5
54. Ke3 c4 55. g4+ Ke6 56. h5 b4 57. Kd2 c3+ 58. bxc3 bxa3 59. Kc2 a2 60. Kb2
a3+ 61. Kxa2 Kf6 62. Kxa3 {Black resigns} 1-0

[Event "Team 45 45 League T47"]
[Site "Internet Chess Club"]
[Date "2010.12.06"]
[Round "5"]
[White "houseofcook"]
[Black "BaumDeezy"]
[Result "0-1"]
[WhiteElo "1347"]
[BlackElo "1418"]
[Opening "Caro-Kann: exchange variation"]
[ECO "B13"]
[Time "15:00:15"]
[TimeControl "2700+45"]

1. e4 c6 2. d4 d5 3. exd5 cxd5 4. Bd3 Nc6 5. c3 Qc7 6. Nf3 Bg4 7. Bg5 e6 8. Nbd2
Be7 9. Qb3 h6 10. Be3 Bxf3 11. Nxf3 Nf6 12. O-O O-O 13. Qc2 Rab8 14. Rfe1 b5 15.
a3 a5 16. b4 axb4 17. axb4 Rfc8 18. Qd2 Bd6 19. h3 Ra8 20. Bxh6 g6 21. Bxg6 fxg6
22. Qg5 Qf7 23. h4 Ne4 24. Qg4 Qf5 25. Qxf5 gxf5 26. Nd2 Nxc3 27. Rxa8 Rxa8 28.
Rxe6 Ra1+ 29. Nf1 Bc7 30. Rxc6 Ne2+ {White resigns} 0-1

[Event "Team 45 45 League T47"]
[Site "Internet Chess Club"]
[Date "2010.12.05"]
[Round "5"]
[White "Visin"]
[Black "blizzard13"]
[Result "1-0"]
[WhiteElo "1301"]
[BlackElo "1353"]
[Opening "Four knights: Scotch, 4...exd4"]
[ECO "C47"]
[Time "13:02:18"]
[TimeControl "2700+45"]

1. e4 e5 2. Nf3 Nc6 3. Nc3 Nf6 4. d4 exd4 5. Nxd4 Bb4 6. Bg5 h6 7. Bxf6 Qxf6 8.
Ne2 O-O 9. a3 Bc5 10. f3 d6 11. Qd2 Be6 12. O-O-O a6 13. Nd5 Bxd5 14. exd5 Ne5
15. Ng3 Nc4 16. Bxc4 Bxa3 17. c3 Bc5 18. Ne4 Qd8 19. Nxc5 dxc5 20. Rhe1 b5 21.
Ba2 Qd6 22. g3 c4 23. Bb1 a5 24. Qc2 g6 25. b3 Qf6 26. f4 b4 27. cxb4 c3 28. b5
Rab8 29. Rd3 Rxb5 30. Qxc3 Qd6 31. Qd2 Qa3+ 32. Qb2 Rc5+ 33. Bc2 Qb4 34. Red1
Re8 35. Rd4 Qb6 36. Kb1 Re2 37. R4d2 Rxd2 38. Rxd2 Qb4 39. Bd1 Qe4+ 40. Ka2 Rxd5
41. Rxd5 Qxd5 42. Qc2 c5 43. Kb2 Qd4+ 44. Kb1 Kg7 45. Be2 Qf2 46. Bd3 Qg1+ 47.
Kb2 Qd4+ 48. Qc3 f6 49. Qxd4 cxd4 50. Kc2 f5 51. Bc4 Kf6 52. Kd3 g5 53. Kxd4 h5
54. Kc5 h4 55. Kb5 g4 56. Kxa5 Ke7 57. gxh4 Kf6 58. b4 Kg6 59. b5 Kh5 60. b6
Kxh4 61. Be6 {Black resigns} 1-0

[Event "Team 45 45 League T47"]
[Site "Internet Chess Club"]
[Date "2010.12.06"]
[Round "5"]
[White "BrianWood"]
[Black "otib2006"]
[Result "1-0"]
[WhiteElo "1366"]
[BlackElo "1209"]
[Opening "English opening"]
[ECO "E06"]
[Time "16:20:50"]
[TimeControl "2700+45"]

1. c4 Nf6 2. Nf3 e6 3. g3 Be7 4. Bg2 O-O 5. O-O d5 6. d4 dxc4 7. Qc2 Nc6 8. Qxc4
Na5 9. Qc2 Nc6 10. Rd1 Nb4 11. Qb3 a5 12. a3 a4 13. Qc4 Nbd5 14. Nc3 Nb6 15. Qd3
c5 16. dxc5 Qxd3 17. Rxd3 Bxc5 18. Bg5 Ng4 19. Ne4 Ra5 20. h3 f5 21. Nxc5 Rxc5
22. hxg4 fxg4 23. Be7 Rc2 24. Bxf8 gxf3 25. Rxf3 Rxe2 26. Bc5 h6 27. Bxb6 Rxb2
28. Bc5 b5 29. Bb4 Bb7 30. Rf8+ Kh7 31. Bxb7 e5 32. Be4+ g6 33. Re8 Kg7 34. Rxe5
Kf6 35. Rxb5 g5 36. Bc3+ {Black resigns} 1-0

[Event "Team 45 45 League T47"]
[Site "Internet Chess Club"]
[Date "2010.12.05"]
[Round "5"]
[White "dpmdpm"]
[Black "dabodhi"]
[Result "1-0"]
[WhiteElo "1434"]
[BlackElo "1164"]
[Opening "Scotch gambit: Dubois-Réti defense"]
[ECO "C55"]
[Time "15:00:17"]
[TimeControl "2700+45"]

1. e4 e5 2. Nf3 Nc6 3. d4 exd4 4. Bc4 Nf6 5. e5 Ne4 6. Qe2 Bb4+ 7. Nbd2 Nxd2 8.
Bxd2 Bxd2+ 9. Qxd2 O-O 10. O-O d5 11. Bb5 Bd7 12. Bxc6 bxc6 13. Nxd4 c5 14. Nf3
d4 15. Rfe1 h6 16. c3 Bc6 17. cxd4 Bxf3 18. gxf3 cxd4 19. Rac1 Rc8 20. b4 Qd5
21. Re4 c5 22. bxc5 Rxc5 23. Rxc5 Qxc5 24. Qxd4 Qc1+ 25. Kg2 Rc8 26. Qxa7 Qg5+
27. Rg4 Qxe5 28. Qd4 Qxd4 29. Rxd4 Ra8 30. a4 Rb8 31. a5 Rb2 32. Ra4 Kh7 33. a6
Rb8 34. Kg3 g5 35. f4 Ra8 36. fxg5 hxg5 37. h4 Kg6 38. hxg5 Kxg5 39. Ra5+ Kf6
40. Kf4 Ra7 41. Ke4 Ke6 42. Ra1 f6 43. Ra5 Kd6 44. Kf5 Ke7 45. Ke4 Ke6 46. Kd4
Kd6 47. Kc4 Kc6 48. Rf5 Rxa6 49. Rxf6+ Kb7 50. Rxa6 Kxa6 51. Kd5 Kb7 52. Ke6 Kc8
53. Ke7 Kc7 54. f4 {Black resigns} 1-0

[Event "Team 45 45 League T47"]
[Site "Internet Chess Club"]
[Date "2010.12.02"]
[Round "5"]
[White "rgadoury"]
[Black "PsyMar"]
[Result "0-1"]
[WhiteElo "1234"]
[BlackElo "1272"]
[Opening "King's Indian: fianchetto, Yugoslav, 7.O-O"]
[ECO "E65"]
[Time "13:01:16"]
[TimeControl "2700+45"]

1. d4 Nf6 2. c4 g6 3. Nc3 Bg7 4. g3 O-O 5. Bg2 d6 6. Nf3 c5 7. O-O cxd4 8. Nxd4
e5 9. Nf3 Qc7 10. b3 Be6 11. Nb5 Qe7 12. Ng5 Rd8 13. Nxe6 fxe6 14. Ba3 Ne8 15.
Qc2 a6 16. Nc3 Qf7 17. Rad1 Nc6 18. Bxc6 bxc6 19. Ne4 d5 20. cxd5 exd5 21. Ng5
Qf6 22. h4 Nc7 23. Bb2 Nb5 24. f4 Nd4 25. Bxd4 exd4 26. Nf3 Qe6 27. Kg2 Qe4 28.
Qxe4 dxe4 29. Nxd4 Rxd4 30. Rxd4 Bxd4 31. Rc1 Rc8 32. Rc4 c5 33. b4 e3 34. Kf3
Kf7 35. g4 Ke6 36. bxc5 Kd5 37. Rc2 Rxc5 38. Rxc5+ Bxc5 39. f5 Ke5 40. fxg6 hxg6
41. h5 gxh5 42. gxh5 Kf5 43. h6 Kg6 44. Ke4 Kxh6 45. Kd3 Kg5 46. Kc4 Bb6 47. a4
Ba5 48. Kd3 Kf4 49. Kd4 Bd2 50. Kc5 a5 51. Kd4 Kg3 52. Kd3 Kf2 {White resigns}
0-1

[Event "Team 45 45 League T47"]
[Site "Internet Chess Club"]
[Date "2010.12.08"]
[Round "5"]
[White "NewfieKnight"]
[Black "oldbookseller"]
[Result "1-0"]
[WhiteElo "1139"]
[BlackElo "881"]
[Opening "Queen's pawn: Lundin (Kevitz-Mikenas) defense"]
[ECO "A40"]
[Time "19:14:38"]
[TimeControl "2700+45"]

1. d4 Nc6 2. Nf3 d6 3. h3 g6 4. c4 Bg7 5. Nc3 Be6 6. d5 Bd7 7. dxc6 Bxc6 8. e3
e5 9. Nd5 Qd7 10. Bd3 b6 11. e4 a6 12. b4 b5 13. c5 dxc5 14. bxc5 f5 15. Qd2 Bf8
16. Nxe5 Qe6 17. Nxc7+ Ke7 18. Nxe6 Kxe6 19. Nxc6 Bxc5 20. Qc3 {Black resigns}
1-0

[Event "Team 45 45 League T47"]
[Site "Internet Chess Club"]
[Date "2010.12.03"]
[Round "5"]
[White "The-Capitalist"]
[Black "seattleblues"]
[Result "1-0"]
[WhiteElo "1443"]
[BlackElo "1264"]
[Opening "Giuoco Piano"]
[ECO "C53"]
[Time "21:00:09"]
[TimeControl "2700+45"]

1. e4 e5 2. Nf3 Nc6 3. Bc4 Bc5 4. c3 d6 5. d4 Bb6 6. dxe5 dxe5 7. Qxd8+ Kxd8 8.
Bxf7 Nf6 9. Nbd2 Ke7 10. Bd5 Ng4 11. Rf1 Bd7 12. a4 Bc5 13. b4 Bd6 14. Nc4 Nf6
15. Bg5 h6 16. Bxf6+ gxf6 17. Nh4 Rh7 18. b5 Nd8 19. f4 Nf7 20. Nxd6 Nxd6 21.
Ng6+ Kd8 22. fxe5 Nf7 23. e6 {Black resigns} 1-0

[Event "Team 45 45 League T47"]
[Site "Internet Chess Club"]
[Date "2010.12.04"]
[Round "5"]
[White "Traho"]
[Black "bowwrestler"]
[Result "1-0"]
[WhiteElo "1245"]
[BlackElo "1210"]
[Opening "Scandinavian: Pytel-Wade variation"]
[ECO "B01"]
[Time "09:03:07"]
[TimeControl "2700+45"]

1. e4 d5 2. exd5 Qxd5 3. Nc3 Qd6 4. Nf3 Nf6 5. d4 a6 6. Bd3 Nc6 7. Ne2 Bg4 8.
Bf4 Qd7 9. Qd2 Bxf3 10. gxf3 e6 11. O-O-O Bd6 12. Rhg1 Bxf4 13. Qxf4 Nh5 14. Qe3
O-O-O 15. c3 Qd5 16. Kb1 f5 17. Nf4 Nxf4 18. Qxf4 g6 19. Qe3 e5 20. dxe5 Qxe5
21. f4 Qxe3 22. fxe3 Rhe8 23. Rge1 h6 24. Kc2 Ne7 25. e4 fxe4 26. Rxe4 g5 27. f5
Nxf5 28. Rxe8 Rxe8 29. Bxf5+ Kb8 30. Bg4 Rf8 31. h3 Rf2+ 32. Kb3 b5 33. a4 bxa4+
34. Kxa4 Rxb2 35. Ka3 Rc2 36. Kb3 Rf2 37. Rd7 Rf6 38. Rd8+ Kb7 39. Rd4 c5 40.
Re4 Rb6+ 41. Kc4 a5 42. Re7+ Ka6 43. Kxc5 Rb5+ 44. Kc4 a4 45. Be2 Ra5 46. Re6+
Kb7 47. Kb4 Ra8 48. Rxh6 Kc7 49. Ka3 Kd7 50. Rg6 Ra5 51. Kb4 Re5 52. Bg4+ Kc7
53. Kxa4 Re3 54. Kb4 Re4+ 55. c4 Kd8 56. Rxg5 Ke7 57. Kb5 Kf6 58. h4 Rd4 59. c5
Ke7 60. Rg6 Kf7 61. Rg5 Kf6 62. c6 Rd6 63. c7 Ke7 64. c8=N+ Kd8 65. Nxd6 Ke7 66.
Kc6 Kf6 67. Be2 Ke6 68. h5 Kf6 69. Rf5+ Kg7 70. Bc4 Kh6 71. Nf7+ Kg7 72. Bd3 Kg8
73. h6 Kh7 74. Rg5# {Black checkmated} 1-0

[Event "Team 45 45 League T47"]
[Site "Internet Chess Club"]
[Date "2010.12.06"]
[Round "5"]
[White "WhoHuhWhat"]
[Black "BosqueVerde"]
[Result "0-1"]
[WhiteElo "1029"]
[BlackElo "1239"]
[Opening "English opening"]
[ECO "A20"]
[Time "21:15:21"]
[TimeControl "2700+45"]

1. c4 e5 2. g3 Nf6 3. Bg2 d5 4. cxd5 Nxd5 5. Nc3 c6 6. Nf3 Bd6 7. O-O O-O 8. d4
exd4 9. Nxd4 Bg4 10. Nxd5 cxd5 11. Bxd5 Qb6 12. Bg2 Nd7 13. Be3 Bc5 14. b3 Nf6
15. Re1 Rad8 16. Qc1 Bxd4 17. Bxd4 Rxd4 18. Qg5 Rfd8 19. Qe5 h6 20. h3 Be6 21.
e3 Rd2 22. Qc3 R8d3 23. Qe5 Bd5 24. g4 Bxg2 25. Kxg2 Qc6+ 26. Kf1 Qh1# {White
checkmated} 0-1

[Event "Team 45 45 League T47"]
[Site "Internet Chess Club"]
[Date "2010.12.06"]
[Round "5"]
[White "WannaB"]
[Black "KidRattler"]
[Result "0-1"]
[WhiteElo "939"]
[BlackElo "1072"]
[Opening "French: Steinitz variation"]
[ECO "C11"]
[Time "12:59:03"]
[TimeControl "2700+45"]

1. e4 e6 2. d4 d5 3. Nc3 Nf6 4. e5 Nfd7 5. Nf3 Nb6 6. Bd3 Nc6 7. O-O Bb4 8. Bd2
Qe7 9. a3 Bxc3 10. Bxc3 Bd7 11. b3 O-O-O 12. Qc1 h6 13. a4 a6 14. a5 Na8 15. Qb1
Nb4 16. Bxb4 Qxb4 17. Rc1 Bb5 18. c3 Bxd3 19. Qxd3 Qxb3 20. Nd2 Qb5 21. Qxb5
axb5 22. Nb3 b6 23. axb6 Nxb6 24. Nc5 Na4 25. Nxa4 bxa4 26. Rxa4 Kd7 27. c4 dxc4
28. Raxc4 Rc8 29. Rd1 Rb8 30. g3 c6 31. Rc5 Rhc8 32. Kf1 Rb5 33. Ke2 Ke7 34.
Rdc1 Rxc5 35. dxc5 f6 36. f4 g5 37. fxg5 hxg5 38. exf6+ Kxf6 39. Rf1+ Kg6 40.
Ke3 Re8 41. Kf3 Rf8+ 42. Kg2 Rd8 43. Re1 Kf5 44. Rf1+ Kg6 45. g4 Rd5 46. Rc1 e5
47. Kf3 Rd4 48. Ke2 Rxg4 49. h3 Rh4 50. Rh1 g4 51. Rg1 Kf5 52. hxg4+ Rxg4 53.
Rxg4 Kxg4 54. Ke3 Kf5 55. Kf3 e4+ 56. Ke3 Ke5 57. Ke2 Kd4 58. Kd2 Kxc5 59. Ke3
Kd5 60. Kd2 c5 61. Ke3 c4 62. Kd2 Kd4 63. Kc2 e3 64. Kd1 Kd3 65. Ke1 e2 66. Kf2
Kd2 {White resigns} 0-1

[Event "Team 45 45 League T47"]
[Site "Internet Chess Club"]
[Date "2010.12.05"]
[Round "5"]
[White "SeniorCitizen"]
[Black "wildcat2023"]
[Result "0-1"]
[WhiteElo "1286"]
[BlackElo "1197"]
[Opening "Scotch opening"]
[ECO "C44"]
[Time "11:02:01"]
[TimeControl "2700+45"]

1. e4 e5 2. d4 Nc6 3. Nf3 Nf6 4. d5 Nb4 5. a3 Na6 6. Bxa6 bxa6 7. Nc3 Bc5 8. Bg5
h6 9. Bh4 O-O 10. O-O d6 11. h3 Bd7 12. Re1 c6 13. Qd3 cxd5 14. Nxd5 Nxe4 15.
Qxe4 Qb8 16. Rab1 Re8 17. b4 Bb6 18. c4 Qc8 19. Nxb6 axb6 20. Rb2 Bc6 21. Qg4 f5
22. Qg6 Bxf3 23. gxf3 Qxc4 24. Qxf5 Qxh4 25. Qg4 Qf6 26. Qe4 Rad8 27. Rd2 Qg5+
28. Qg4 Qxd2 {White resigns} 0-1

[Event "Team 45 45 League T47"]
[Site "Internet Chess Club"]
[Date "2010.12.03"]
[Round "5"]
[White "iceface"]
[Black "Cicero"]
[Result "0-1"]
[WhiteElo "1289"]
[BlackElo "1360"]
[Opening "Sicilian: Hungarian variation"]
[ECO "B27"]
[Time "17:00:24"]
[TimeControl "2700+45"]

1. e4 c5 2. Nf3 g6 3. Nc3 Bg7 4. Bc4 e6 5. d3 Ne7 6. Qe2 O-O 7. a3 d5 8. Ba2 d4
9. Nd1 Nbc6 10. O-O e5 11. c3 Bg4 12. h3 Bxf3 13. Qxf3 Qd6 14. Qe2 h6 15. Qc2
Kh7 16. b4 b6 17. Nb2 b5 18. Nd1 dxc3 19. bxc5 Qxc5 20. Qxc3 Qxc3 21. Nxc3 Nd4
22. Bd5 Nxd5 23. Nxd5 Rad8 24. Rb1 f5 25. Be3 Ne2+ 26. Kh1 f4 27. Rb2 f3 28. g3
a6 29. Rc2 Rd6 30. Rd1 Re6 31. Kh2 h5 32. Rc7 g5 33. Bxg5 Rg6 34. h4 Kh8 35. Re7
Rc6 36. Rc7 Rxc7 37. Nxc7 Rc8 38. Nxa6 Ra8 39. Nc7 Rxa3 40. Nxb5 Rb3 41. Nd6 Rb2
42. Nf5 Nc3 43. Rd2 Rb1 44. Be3 Nd1 45. Bg5 Bf8 46. Bf6+ Kh7 47. Bxe5 Bb4 48.
Rc2 Be1 49. Bd4 Kg6 50. Be3 Kf6 51. d4 Bc3 52. Kh3 Nxe3 53. Nxe3 Rh1# {White
checkmated} 0-1

[Event "Team 45 45 League T47"]
[Site "Internet Chess Club"]
[Date "2010.12.05"]
[Round "5"]
[White "lawth3"]
[Black "carolinaknight"]
[Result "0-1"]
[WhiteElo "1103"]
[BlackElo "1276"]
[Opening "Queen's pawn game"]
[ECO "E00"]
[Time "20:00:15"]
[TimeControl "2700+45"]

1. d4 e6 2. c4 Nf6 3. a3 c5 4. Nf3 Be7 5. Nc3 b6 6. e4 d6 7. d5 e5 8. Be2 O-O 9.
O-O Bb7 10. Bd2 Nbd7 11. Qc2 h6 12. Rab1 Nh5 13. b4 a6 14. bxc5 Nxc5 15. Be3 Qc7
16. Na4 Nf4 17. Bd1 b5 18. cxb5 axb5 19. Nxc5 dxc5 20. Qc3 c4 21. Bc1 Nd3 22.
Bb2 Nxb2 23. Rxb2 Rxa3 24. Qxe5 Bd6 25. Qd4 Rd3 26. Qxd3 cxd3 27. Rxb5 Ba6 28.
Rb1 Qc3 29. Rb3 Qc4 30. Nd2 Qa4 31. Rb6 Qa3 32. Nb1 Qa5 33. Rxd6 Rb8 34. Bg4 d2
35. Rd1 Bd3 36. Nxd2 Rb2 37. Bf5 Rxd2 38. Re1 Re2 39. h3 Rxe1+ 40. Kh2 Qc7 41.
e5 Bxf5 42. g4 Be4 43. Rc6 Qxe5+ 44. f4 Qxf4# {White checkmated} 0-1

[Event "Team 45 45 League T47"]
[Site "Internet Chess Club"]
[Date "2010.12.04"]
[Round "5"]
[White "Berke"]
[Black "Helaman"]
[Result "1-0"]
[WhiteElo "1676"]
[BlackElo "1415"]
[Opening "Scandinavian: Marshall variation"]
[ECO "B01"]
[Time "14:00:33"]
[TimeControl "2700+45"]

1. e4 d5 2. exd5 Nf6 3. d4 Nxd5 4. c4 Nb6 5. Nc3 e5 6. Be3 Bb4 7. dxe5 Qxd1+ 8.
Rxd1 Be6 9. Ne2 Nxc4 10. Bc1 Nxe5 11. Nd4 a6 12. Nxe6 fxe6 13. Be2 Nbc6 14. O-O
O-O 15. Ne4 Rad8 16. Ng5 Nd4 17. Rxd4 Rxd4 18. Nxe6 Re4 19. Be3 Nf3+ 20. Bxf3
Rxe6 21. Bxb7 Rd6 22. a3 Bxa3 23. bxa3 Rd3 24. Bxa6 Rc3 25. Bd2 Rc6 26. Bb7 Rb6
27. Bd5+ Kh8 28. Bb4 Rf5 29. Be4 Re5 30. Rd1 Rbe6 31. f3 c5 32. Bc3 Rxe4 33.
fxe4 {Black resigns} 1-0

[Event "Team 45 45 League T47"]
[Site "Internet Chess Club"]
[Date "2010.12.06"]
[Round "5"]
[White "BrandonBee"]
[Black "krysto"]
[Result "1-0"]
[WhiteElo "1616"]
[BlackElo "1493"]
[Opening "Ruy Lopez: Anderssen variation"]
[ECO "C77"]
[Time "15:30:10"]
[TimeControl "2700+45"]

1. e4 e5 2. Nf3 Nc6 3. Bb5 a6 4. Ba4 Nf6 5. d3 Be7 6. c3 O-O 7. Bxc6 dxc6 8.
Nxe5 Bd6 9. Nc4 Re8 10. O-O Bg4 11. f3 Be6 12. e5 Bc5+ 13. Ne3 Bxe3+ 14. Bxe3
Nd5 15. Bf2 Nf4 16. d4 Bc4 17. Re1 Nd3 18. Re2 Nxf2 19. Rxf2 Rxe5 20. Nd2 Re6
21. Nxc4 Qd5 22. Ne5 Rae8 23. Qd2 f6 24. Nd3 Qf5 25. Nc5 R6e7 26. Ne4 Qb5 27. b3
Qf5 28. Re2 b6 29. Rae1 Qd7 30. Qf4 f5 31. Ng3 Rxe2 32. Rxe2 Rxe2 33. Nxe2 Qe7
34. Kf2 g6 35. Qe5 Kf7 36. Qxe7+ Kxe7 37. Ke3 Kd6 38. c4 c5 39. Nf4 cxd4+ 40.
Kxd4 c5+ 41. Ke3 b5 42. a3 bxc4 43. bxc4 Kc6 44. Nd3 g5 45. g3 Kb6 46. h4 h6 47.
f4 g4 48. Kd2 h5 49. Kc3 Kc6 50. Kb3 a5 51. Ka4 Kb6 52. Ne5 Ka6 53. Nd7 {Black
resigns} 1-0

[Event "Team 45 45 League T47"]
[Site "Internet Chess Club"]
[Date "2010.12.07"]
[Round "5"]
[White "milesotoole"]
[Black "blizzard13"]
[Result "0-1"]
[WhiteElo "1426"]
[BlackElo "1409"]
[Opening "French: exchange variation"]
[ECO "C01"]
[Time "12:09:36"]
[TimeControl "2700+45"]

1. e4 e6 2. d4 d5 3. exd5 exd5 4. Bd3 Nc6 5. c3 Nf6 6. Bg5 Be7 7. Qb3 h6 8. Bh4
a6 9. Nf3 g5 10. Bg3 Nh5 11. Be5 Nxe5 12. Nxe5 Nf4 13. c4 Nxd3+ 14. Qxd3 Bb4+
15. Nd2 Bxd2+ 16. Qxd2 Be6 17. c5 c6 18. O-O Qf6 19. a4 a5 20. b4 Qf4 21. Qc3 h5
22. bxa5 Bf5 23. Qb4 O-O 24. Qxb7 Be4 25. Qxc6 g4 26. f3 gxf3 27. Rxf3 Bxf3 28.
Nxf3 Rae8 29. Qxd5 Qh6 30. Qg5+ Qxg5 31. Nxg5 f6 32. Nf3 Ra8 33. Kf2 Rfe8 34.
Re1 Rxe1 35. Kxe1 Rxa5 36. Kd2 Rxa4 37. Kc3 Kf8 38. Kb3 Ra8 39. Kb4 Ke7 40. Kb5
Kd7 41. Kb6 Rb8+ 42. Ka5 Rb1 43. Nd2 Rb2 44. Nc4 Rxg2 45. Nb6+ Kc6 46. Kb4 Rg4
47. Ka3 Rxd4 {White resigns} 0-1

[Event "Team 45 45 League T47"]
[Site "Internet Chess Club"]
[Date "2010.12.05"]
[Round "5"]
[White "Razorbackchess"]
[Black "MASTERCHEF"]
[Result "0-1"]
[WhiteElo "1800"]
[BlackElo "1767"]
[Opening "English opening"]
[ECO "A20"]
[Time "09:00:24"]
[TimeControl "2700+45"]

1. c4 e5 2. g3 Nf6 3. Bg2 Nc6 4. Nc3 Bc5 5. a3 a5 6. e3 d6 7. Nge2 Bf5 8. d3 O-O
9. O-O Qd7 10. e4 Bh3 11. Nd5 Nxd5 12. cxd5 Nd4 13. Nxd4 Bxd4 14. Qe2 Bxg2 15.
Kxg2 f5 16. f4 Rae8 17. fxe5 dxe5 18. Be3 Qb5 19. Bxd4 exd4 20. Qc2 Qd7 21. Qc4
fxe4 22. Rxf8+ Rxf8 23. dxe4 Qg4 24. Qd3 Rf4 25. Re1 h5 26. h3 Qg6 27. Qxd4 h4
28. Qe3 Rf6 29. Re2 a4 30. g4 Rb6 31. Qf4 Rb3 32. Rf2 Rg3+ 33. Kh2 Qd6 34. Qxd6
cxd6 35. Re2 Rb3 36. Kg2 Kf7 37. Rf2+ Ke7 38. Rc2 Kf6 39. Rc4 Rxb2+ 40. Kg1 b5
41. Rc6 Ke5 42. Rc7 b4 43. axb4 a3 44. Re7+ Kf4 45. e5 a2 46. Ra7 Kxe5 47. b5
Kxd5 48. b6 Kc6 49. b7 Kc7 50. Kf1 Rb1+ 51. Ke2 a1=Q 52. Rxa1 Rxa1 {White
resigns} 0-1

[Event "Team 45 45 League T47"]
[Site "Internet Chess Club"]
[Date "2010.12.12"]
[Round "5"]
[White "crazyhorses"]
[Black "Tamarin"]
[Result "0-1"]
[WhiteElo "1549"]
[BlackElo "1773"]
[Opening "Benko's opening"]
[ECO "A00"]
[Time "17:09:49"]
[TimeControl "2700+45"]

1. g3 e5 2. Bg2 Nc6 3. d3 Bc5 4. Nf3 d6 5. Nbd2 f5 6. Nb3 Bb6 7. Bg5 Nf6 8. Qc1
Be6 9. O-O h6 10. Bd2 Qd7 11. a4 a6 12. a5 Ba7 13. Bc3 O-O 14. Bd2 Rae8 15. Nh4
Kh7 16. e4 fxe4 17. Ra4 g5 18. Rxe4 Nxe4 19. Bxe4+ Kg8 20. Ng6 Rf6 21. Bxg5 hxg5
22. Qxg5 Qg7 23. h4 Bf7 24. h5 Bxg6 25. hxg6 Ne7 26. Nd2 Nxg6 27. Nf3 c6 28. Kg2
Ne7 29. Qh5 Ref8 30. Rh1 R8f7 31. Bh7+ Qxh7 {White resigns} 0-1

[Event "Team 45 45 League T47"]
[Site "Internet Chess Club"]
[Date "2010.12.03"]
[Round "5"]
[White "one-over"]
[Black "MateIn42"]
[Result "1/2-1/2"]
[WhiteElo "1398"]
[BlackElo "1425"]
[Opening "Scotch game"]
[ECO "C45"]
[Time "20:00:30"]
[TimeControl "2700+45"]

1. e4 e5 2. Nf3 Nc6 3. d4 exd4 4. Nxd4 Qf6 5. Be3 Bc5 6. c3 Nge7 7. Be2 d5 8.
exd5 Nxd5 9. O-O Bd7 10. Nc2 Nxe3 11. Nxe3 O-O-O 12. Nd5 Qg5 13. Bf3 Be6 14. c4
Ne5 15. b3 c6 16. Nbc3 cxd5 17. cxd5 Nxf3+ 18. Qxf3 Bxd5 19. Nxd5 Qxd5 20. Qc3
Kb8 21. Rac1 Rc8 22. Qg3+ Bd6 23. Rxc8+ Rxc8 24. Qxg7 Qe5 25. Qxe5 Bxe5 26. Rd1
Bf4 27. g3 Rc1 28. Rxc1 Bxc1 29. f4 f5 30. Kf2 Kc7 31. Ke2 Ba3 32. h3 Bc5 33.
Kf3 Kd6 34. g4 fxg4+ 35. hxg4 h6 36. Ke4 Ke6 37. Kd3 Bd6 38. Ke4 Kf6 39. Kf3 Be7
40. Ke4 Ke6 41. Kd4 h5 42. gxh5 Kf5 43. Kd5 Kxf4 44. Ke6 Bg5 45. Kd7 b5 46. Kc6
b4 47. Kb5 Kg4 48. Kxb4 Kxh5 49. Kb5 Be3 50. b4 Kg5 51. a4 Kf5 52. Ka6 Ke6 53.
Kb7 Kd6 54. Ka6 Kc7 55. a5 Kb8 56. b5 Kc7 57. b6+ Bxb6 58. axb6+ axb6 59. Kb5
Kb7 60. Kb4 Kc6 61. Kc4 b5+ 62. Kb4 Kb6 63. Kb3 Ka5 64. Ka3 Kb6 65. Kb4 Kc6 66.
Kb3 Kc5 67. Kc3 {Game drawn by mutual agreement} 1/2-1/2

[Event "Team 45 45 League T47"]
[Site "Internet Chess Club"]
[Date "2010.12.03"]
[Round "5"]
[White "LeanSixSigma"]
[Black "wekabird"]
[Result "1-0"]
[WhiteElo "1440"]
[BlackElo "1149"]
[Opening "Caro-Kann defense"]
[ECO "B15"]
[Time "18:00:25"]
[TimeControl "2700+45"]

1. e4 c6 2. d4 d5 3. Nc3 dxe4 4. Be3 Nf6 5. Be2 e6 6. Qd2 Be7 7. O-O-O Bb4 8.
Bc4 O-O 9. Nge2 b6 10. Bg5 Ba6 11. Bxa6 Nxa6 12. Qe3 Nc7 13. Bxf6 Qxf6 14. Nxe4
Qe7 15. Qg5 Qxg5+ 16. Nxg5 f6 17. Nf3 Rad8 18. c3 Be7 19. h4 c5 20. Rhe1 Bd6 21.
g3 Rfe8 22. Kb1 Nb5 23. a4 Nc7 24. dxc5 Bxc5 25. Rxd8 Rxd8 26. Ned4 Bxd4 27.
Nxd4 e5 28. Nc6 Rd2 29. Rf1 a5 30. Kc1 Rd6 31. Ne7+ Kf7 32. Nf5 Re6 33. Ne3 Na6
34. Kc2 Nc5 35. b3 Rc6 36. f4 Ne4 37. c4 exf4 38. gxf4 Re6 39. Nd5 Ng3 40. Rd1
Nf5 41. h5 Ne3+ 42. Nxe3 Rxe3 43. Rd7+ Ke6 44. Rxg7 Re2+ 45. Kd3 Rf2 46. Rxh7
Rxf4 47. h6 Rh4 48. Rb7 Rxh6 49. Rxb6+ Kf7 50. Rb5 Kg6 51. Rxa5 Rh3+ 52. Kc2 f5
53. Rd5 f4 54. Rd1 Rh2+ 55. Kc3 Kf5 56. c5 f3 57. b4 f2 58. Rf1 Kf4 59. c6 Kf3
60. Kc4 Rh4+ 61. Kb5 Kg2 62. Rxf2+ Kxf2 63. c7 Rh8 64. Kb6 Ke3 65. b5 Kd4 66. a5
Kd5 67. Kb7 Kc5 68. b6 Kb5 69. c8=Q Rh6 70. Qf5+ Ka4 71. a6 Rh8 72. a7 Rg8 73.
a8=Q+ {Black resigns} 1-0

[Event "Team 45 45 League T47"]
[Site "Internet Chess Club"]
[Date "2010.12.05"]
[Round "5"]
[White "Conjurer"]
[Black "jjaillet2007"]
[Result "0-1"]
[WhiteElo "1138"]
[BlackElo "1312"]
[Opening "English: symmetrical variation"]
[ECO "A30"]
[Time "21:01:22"]
[TimeControl "2700+45"]

1. c4 c5 2. g3 e6 3. Bg2 Nc6 4. Nc3 Nf6 5. Nf3 d5 6. cxd5 exd5 7. O-O d4 8. Nb1
Bd6 9. d3 O-O 10. Nbd2 Bg4 11. h3 Bh5 12. Nc4 Bc7 13. Qb3 Rb8 14. g4 Bg6 15. Bg5
h6 16. Bh4 b5 17. Ncd2 Re8 18. Ne4 Bxe4 19. dxe4 Rxe4 20. Qd3 Re6 21. Rfe1 Nb4
22. Qb3 Qd5 23. Nd2 Qxb3 24. axb3 Nc2 25. Rxa7 Nxe1 26. Rxc7 Nxg2 27. Kxg2 Rxe2
28. Nf3 d3 29. Rxc5 d2 30. Nxd2 Rxd2 31. Bg3 Rb7 32. Be5 Nd7 33. Rc8+ Kh7 34.
Bc3 Re2 35. Kg3 Nb6 36. Rd8 Rd7 37. Rb8 Rd3+ 38. f3 Nd5 39. Rxb5 Nxc3 40. bxc3
Rxc3 {White resigns} 0-1

[Event "Team 45 45 League T47"]
[Site "Internet Chess Club"]
[Date "2010.12.04"]
[Round "5"]
[White "anatolybcn"]
[Black "guyd52"]
[Result "1-0"]
[WhiteElo "1201"]
[BlackElo "1214"]
[Opening "Robatsch (modern) defense"]
[ECO "B06"]
[Time "06:00:21"]
[TimeControl "2700+45"]

1. e4 g6 2. Nf3 d6 3. h3 Nf6 4. Nc3 Bg7 5. Bc4 O-O 6. O-O Nbd7 7. a3 b6 8. d3 e6
9. Bg5 Bb7 10. Qd2 d5 11. exd5 exd5 12. Bxd5 Bxd5 13. Nxd5 c5 14. c4 Qc8 15.
Rab1 Nxd5 16. cxd5 Bf6 17. Bh6 Bg7 18. Bxg7 Kxg7 19. Qc3+ Nf6 20. Rfe1 Re8 21.
Rxe8 Qxe8 22. Re1 Qd7 23. Re5 Re8 24. d6 Re6 25. Rxe6 Qxe6 26. Ng5 Qf5 27. Ne4
h6 28. d7 Qxd7 29. Nxf6 Qc6 30. Nh5+ Kf8 31. Qg7+ Ke7 32. Qe5+ Kf8 33. Nf4 Qb5
34. Qh8+ Ke7 35. Nd5+ Kd7 36. Qc3 Kd6 37. Ne3 Ke7 38. Nd5+ Kd6 39. Ne3 Ke7 40.
Kh2 Qc6 41. d4 Qd6+ 42. Kg1 f5 43. dxc5 bxc5 44. Qg7+ Ke6 45. Qxg6+ Ke5 46.
Qxf5+ Kd4 47. Qg4+ Kd3 48. Qd1+ Ke4 49. Qxd6 c4 50. Qd5+ Kf4 51. Qf5# {Black
checkmated} 1-0